 Dungeon Crawl Stone Soup version 0.22-a0-253-gf9d0ce56dd (webtiles) character file.

1908 Spill the Cleaver (level 8, -1/73 HPs)
             Began as a Deep Dwarf Fighter on Mar 3, 2018.
             Was an Initiate of Makhleb.
             Killed by divine providence
             ... invoked by an orc priest
              (12 damage)
             ... on level 6 of the Dungeon.
             The game lasted 00:08:58 (3816 turns).

Spill the Cleaver (Deep Dwarf Fighter)              Turns: 3816, Time: 00:08:58

Health: -1/73      AC:  8    Str: 23    XL:     8   Next: 94%
Magic:  8/8        EV: 11    Int:  8    God:    Makhleb [......]
Gold:   34         SH: 10    Dex: 12    Spells: 7/7 levels left

rFire    . . .     SeeInvis .   B - +7 hand axe of an ossuary {freeze, MR+}
rCold    . . .     Gourm    .   c - +0 shield
rNeg     . . .     Faith    .   b - +0 scale mail
rPois    .         Spirit   .   o - +0 helmet (curse)
rElec    .         Reflect  .   (no cloak)
rCorr    .         Harm     .   (no gloves)
MR       ++...                  (no boots)
Stlth    ..........             (no amulet)
HPRegen  0.00/turn              q - +2 ring of evasion
MPRegen  0.11/turn              (no ring)

@: lethally poisoned (-1 -> -1), non-regenerating
A: damage resistance, heal wounds, sense surroundings 1, no regeneration
a: Heal Wounds, Renounce Religion


You were on level 6 of the Dungeon.
You worshipped Makhleb.
Makhleb was noncommittal.
You were not hungry.

You visited 2 branches of the dungeon, and saw 7 of its levels.

You collected 294 gold pieces.
You spent 260 gold pieces at shops.

Inventory:

Hand Weapons
 a - a +0 war axe
 z - the +6 rapier of the Magi {flame, *Corrode rF+ rN++ SInv}
   (You found it on level 4 of the Dungeon)

   It has been specially enchanted to burn those struck by it, causing extra
   injury to most foes and up to half again as much damage against particularly
   susceptible opponents.
   It protects you from fire.
   It greatly protects you from negative energy.
   It lets you see invisible.
   It may corrode you when you take damage.
 B - the +7 hand axe of an ossuary (weapon) {freeze, MR+}
   (You found it on level 5 of the Dungeon)

   It has been specially enchanted to freeze those struck by it, causing extra
   injury to most foes and up to half again as much damage against particularly
   susceptible opponents.
   It can also slow down cold-blooded creatures.
   It affects your resistance to hostile enchantments.
Armour
 b - a +0 scale mail (worn)
 c - a +0 shield (worn)
 o - a cursed +0 helmet (worn)
Jewellery
 q - a +2 ring of evasion (left hand)
Wands
 j - a wand of random effects (32)
Scrolls
 e - 5 scrolls of amnesia
 g - 2 scrolls of teleportation {unknown}
 i - a scroll of immolation {unknown}
 k - a scroll of fog {unknown}
 m - a scroll of magic mapping {unknown}
 p - a scroll of enchant armour {unknown}
 r - 2 scrolls of noise {unknown}
 s - 3 scrolls of enchant weapon
 t - a scroll of blinking {unknown}
 u - a scroll of random uselessness {unknown}
 v - 3 scrolls of remove curse
 y - 2 scrolls of identify
Potions
 d - 2 potions of might
 h - a potion of haste
 l - 2 potions of degeneration
 n - a potion of heal wounds {unknown}
 w - 3 potions of curing {unknown}
 x - a potion of lignification {unknown}
 A - a potion of flight {unknown}
 D - a potion of resistance {unknown}
Comestibles
 f - 8 rations
 C - a chunk of flesh


   Skills:
 + Level 4.4 Fighting
 + Level 9.8 Axes
 + Level 5.6 Armour
 + Level 2.5 Dodging
 + Level 5.6 Shields


You had 7 spell levels left.
You didn't know any spells.

Dungeon Overview and Level Annotations

Branches:
Dungeon (6/15)             Temple (1/1) D:5

Altars:
Cheibriados
Fedhas
Gozag
Kikubaaqudgha
Makhleb
Nemelex Xobeh
Qazlal
Sif Muna
Trog
Uskayaw
Vehumet
Zin
Jiyva

Shops:
D:6 :


Innate Abilities, Weirdness & Mutations

You are resistant to damage.
You can heal yourself by infusing magical energy.
You passively map a small area around you.
You do not regenerate.


Message History

Makhleb accepts your kill.
Things that are here:
a glaive; a plate armour; an orc corpse An orc priest and an orc wizard come into view.
The orc priest is wielding a dagger of venom.
The orc priest shouts!
The orc wizard shouts!
You hear a shout! x2
The orc priest hits you but does no damage.
You are poisoned.
You hit the orc priest. You freeze the orc priest.
The orc priest is moderately wounded.
The orc priest invokes the aid of Beogh against you.
Beogh smites you!
* * * LOW HITPOINT WARNING * * *
You completely miss the orc priest.
The orc priest is moderately wounded.
You hit the orc priest but do no damage.
The orc priest is moderately wounded.
The orc priest mumbles some strange prayers to Beogh against you.
Beogh smites you!
You die...

#.* #....#
#.#.# , ,
#....#
#.#.# * ,*
####.#
#.#.####
,..#
#......# ,
, *##
#<###### ,
#)# , #)#
,
#######.#
,'....oo@#
*
##.######
, * * , ,
* , , , *
, , ,


You could see an orc priest and an orc wizard.

Vanquished Creatures
  Pikel (D:5)
  An ice beast (D:5)
  An orc warrior (D:6)
  3 slaves (D:5)
  4 ogres
  A bullfrog (D:6)
  2 scorpions
  2 crimson imps (D:5)
  3 hounds
  3 orc priests
  2 bullfrog zombies
  A bullfrog skeleton (D:4)
  2 orc wizards
  Ijyb (D:4)
  6 worker ants
  A hound zombie (D:4)
  5 adders
  3 oozes
  3 worms
  3 dart slugs
  5 leopard geckos
  25 orcs
  7 giant cockroaches
  10 goblins
  5 hobgoblins
  15 jackals
  5 kobolds
  3 quokkas (D:3)
  A ball python (D:5)
  6 bats
  2 frilled lizards
  10 rats
142 creatures vanquished.

Notes
Turn   | Place    | Note
-------+----------+-------------------------------------------
     0 | D:1      | Spill the Deep Dwarf Fighter began the quest for the Orb.
     0 | D:1      | Reached XP level 1. HP: 20/20 MP: 1/1
    54 | D:1      | Reached skill level 3 in Axes
    84 | D:1      | Reached XP level 2. HP: 25/27 MP: 2/2
   291 | D:1      | Reached XP level 3. HP: 27/33 MP: 3/3
   296 | D:1      | Reached skill level 4 in Axes
  1043 | D:2      | Reached XP level 4. HP: 21/40 MP: 4/4
  1367 | D:3      | Reached skill level 5 in Axes
  1457 | D:3      | Reached XP level 5. HP: 15/46 MP: 5/5
  1462 | D:3      | Reached skill level 6 in Axes
  2007 | D:4      | Reached skill level 7 in Axes
  2007 | D:4      | Reached XP level 6. HP: 32/55 MP: 6/6
  2082 | D:4      | Noticed Ijyb
  2094 | D:4      | Killed Ijyb
  2169 | D:4      | Got an ichor-stained rapier
  2170 | D:4      | Identified the +6 rapier of the Magi {flame, *Corrode rF+ rN++ SInv} (You found it on level 4 of the Dungeon)
  2406 | D:4      | Reached XP level 7. HP: 50/62 MP: 7/7
  2523 | D:5      | Entered Level 5 of the Dungeon
  2564 | D:5      | Reached skill level 1 in Dodging
  2607 | D:5      | Reached skill level 8 in Axes
  2621 | D:5      | Found a staircase to the Ecumenical Temple.
  2684 | Temple   | Entered the Ecumenical Temple
  2800 | Temple   | Became a worshipper of Makhleb the Destroyer
  2859 | D:5      | Got a brightly glowing hand axe
  3031 | D:5      | Found an ancient bone altar of Kikubaaqudgha.
  3037 | D:5      | Found a deep blue altar of Sif Muna.
  3039 | D:5      | Found a radiant altar of Vehumet.
  3053 | D:5      | Identified Sif Muna's Catalogue of Orientation
  3072 | D:5      | Identified the +7 hand axe of an ossuary {freeze, MR+} (You found it on level 5 of the Dungeon)
  3073 | D:5      | Noticed Pikel
  3106 | D:5      | Killed Pikel
  3106 | D:5      | Reached skill level 9 in Axes
  3106 | D:5      | Reached skill level 5 in Armour
  3106 | D:5      | Reached skill level 5 in Shields
  3106 | D:5      | Reached XP level 8. HP: 36/72 MP: 8/8
  3375 | D:5      | HP: 3/72 [ogre/giant club (10)]
  3657 | D:6      | Found Amiutret's Book Emporium.
  3669 | D:6      | Bought a book of Cantrips for 260 gold pieces
  3816 | D:6      | Killed from afar by an orc priest

Vault maps used:
D:1:      dpeg_arrival_simpleton_b
D:4:      st_stairs_10, uniq_ijyb
D:5:      grunt_temple_overflow_magic_moments, temple_doors_e,
          gup_sewer_entry_bowl, first_ration, uniq_pikel
D:6:      nicolae_overflow_hidden_temple, serial_shops, shop, basic_altar
Temple:   pf_slimified_temple

Skill      XL: |  1  2  3  4  5  6  7  8 |
---------------+-------------------------+-----
Axes           | 3 4 5 7 9 |  9.8
Fighting       | 3 4 |  4.4
Dodging        | 2 |  2.5
Shields        | 5 |  5.6
Armour         | 5 |  5.6

Action                   |  1- 3 |  4- 6 |  7- 9 || total
-------------------------+-------+-------+-------++-------
Melee: War axe           |   136 |   172 |    35 ||   343
       Rapier            |       |    17 |    14 ||    31
       Hand axe          |       |       |    97 ||    97
 Abil: Heal Wounds       |       |     4 |     3 ||     7
  Use: Scroll            |       |     5 |       ||     5
  Eat: Chunk             |       |     6 |     4 ||    10
Armor: Scale mail        |    69 |    78 |    42 ||   189
Dodge: Dodged            |    49 |    96 |    47 ||   192
Block: Shield            |    82 |   120 |    50 ||   252

Table legend:
 A = Spawn XP
 B = Non-spawn XP
 C = Spawn XP percentage of total XP
 D = Spawn monster count
 E = Non-spawn monster count
 F = Spawn count percentage of total count
 G = Total turns spent on level
                    A         B        C        D         E        F      G
               +---------+---------+-------+---------+---------+-------+---------
         Total |       0 |    2727 |   0.0 |       0 |     139 |   0.0 |  3816
               +---------+---------+-------+---------+---------+-------+---------
           D:1 |       0 |      51 |   0.0 |       0 |      25 |   0.0 |   450
           D:2 |       0 |      50 |   0.0 |       0 |      22 |   0.0 |   830
           D:3 |       0 |     251 |   0.0 |       0 |      40 |   0.0 |   724
           D:4 |       0 |     456 |   0.0 |       0 |      20 |   0.0 |   519
           D:5 |       0 |    1377 |   0.0 |       0 |      24 |   0.0 |   920
           D:6 |       0 |     542 |   0.0 |       0 |       8 |   0.0 |   250
               +---------+---------+-------+---------+---------+-------+---------
